Map: Ascension to Aiur LE

Players

PhoenixTears

  • Race: Protoss Protoss
  • League: Diamond
  • Spawn Location: 5:00

TerranLord - Winner!

  • Race: Terran Terran
  • League: Diamond
  • Spawn Location: 11:00

VOD

Have the link to the VOD?

Description

Time

  • Played on: Dec. 5, 2017, 6 a.m.
  • Length: 17:02
Show
View Real Time Build Order
Export as new Build Order

PhoenixTears Protoss 

Build Orders: 1 Gate Expand, Blink Stalkers 

Get SALT Encoding   

  12  0:02  Probe  
  14  0:14  Probe  
  14  0:18  Pylon  
  14  0:27  Probe (Chrono Boost)  
  15  0:37  Gateway  
  15  0:40  Probe (Chrono Boost)  
  16  0:48  Probe (Chrono Boost)  
  17  0:55  Probe (Chrono Boost)  
  18  1:04  Assimilator  
  18  1:07  Probe (Chrono Boost)  
  19  1:16  Probe (Chrono Boost)  
  20  1:24  Probe  
  21  1:31  Nexus  
  21  1:42  Cybernetics Core  
  21  1:47  Assimilator  
  21  1:50  Probe  
  22  2:02  Probe  
  22  2:06  Pylon  
  23  2:19  Warp Gate (Chrono Boost)  
  23  2:24  Probe  
  23  2:28  Stalker (Chrono Boost)  
  26  2:36  Pylon  
  26  2:42  Probe (Chrono Boost)  
  26  2:43  Probe (Chrono Boost)  
  28  2:48  Stalker  
  31  2:53  Probe x2 (Chrono Boost)  
  32  2:59  Gateway  
  32  3:04  Twilight Council  
  32  3:06  Probe  
  32  3:07  Probe  
  34  3:19  Probe (Chrono Boost)  
  35  3:21  Stalker  
  38  3:28  Shield Battery  
  38  3:30  Probe x2 (Chrono Boost)  
  39  3:36  Probe  
  39  3:38  Probe  
  39  3:41  Blink  
  41  3:46  Stalker  
  43  3:51  Probe x2  
  45  3:56  Shield Battery  
  45  4:04  Probe x2  
  45  4:05  Robotics Facility  
  47  4:11  Assimilator  
  47  4:12  Pylon  
  47  4:21  Probe x2  
  49  4:25  Pylon  
  49  4:26  Stalker x2  
  53  4:35  Gateway  
  53  4:37  Assimilator  
  53  4:44  Probe (Chrono Boost)  
  55  4:45  Probe (Chrono Boost)  
  55  4:53  Observer  
  55  4:56  Stalker  
  55  4:57  Stalker  
  60  5:04  Probe x2 (Chrono Boost)  
  62  5:14  Probe x2  
  62  5:17  Gateway  
  64  5:24  Forge  
  64  5:25  Observer  
  64  5:26  Forge  
  64  5:27  Stalker x2  
  69  5:29  Probe  
  69  5:32  Pylon  
  70  5:45  Pylon  
  70  5:50  Probe  
  70  5:55  Immortal, Stalker  
  77  6:04  Protoss Ground Armor Level 1 (Chrono Boost), Protoss Ground Weapons Level 1 (Chrono Boost)  
  77  6:06  Stalker  
  77  6:07  Stalker  
  81  6:23  Stalker  
  77  6:34  Probe x2  
  77  6:37  Immortal  
  83  6:41  Robotics Bay  
  83  6:42  Stalker  
  83  6:46  Robotics Facility  
  85  6:54  Probe  
  86  6:57  Pylon  
  86  7:01  Nexus  
  86  7:02  Pylon  
  86  7:04  Gateway  
  86  7:05  Pylon, Charge  
  86  7:12  Gateway  
  88  7:15  Probe x2  
  88  7:22  Sentry, Immortal  
  91  7:23  Sentry  
  91  7:28  Extended Thermal Lance  
  95  7:31  Probe x2  
  95  7:32  Zealot x2  
  101  7:40  Protoss Ground Weapons Level 2 (Chrono Boost)  
  101  7:48  Probe x2  
  103  7:55  Assimilator  
  103  8:01  Assimilator  
  103  8:02  Colossus  
  103  8:04  Shield Battery  
  109  8:05  Shield Battery  
  109  8:12  Colossus  
  109  8:13  Pylon  
  115  8:23  Probe x2  
  117  8:27  Gateway  
  117  8:30  Protoss Ground Armor Level 2 (Chrono Boost)  
  117  8:40  Stalker x2  
  121  8:44  Zealot  
  121  8:47  Zealot  
  125  8:53  Zealot  
  125  8:54  Probe x3  
  125  8:55  Warp Prism  
  130  9:10  Stalker  
  132  9:17  Pylon  
  132  9:18  Pylon  
  132  9:19  Pylon  
  132  9:23  Probe  
  133  9:26  Probe  
  133  9:28  Pylon  
  133  9:30  Pylon  
  132  9:32  Observer  
  132  9:35  Colossus  
  139  9:40  Stalker x5  
  139  9:41  Stalker  
  139  9:42  Probe x2  
  153  9:45  Zealot  
  155  9:54  Observer  
  156  10:05  Dark Shrine  
  156  10:06  Zealot  
  156  10:07  Zealot x2  
  160  10:09  Zealot  
  164  10:15  Colossus (Chrono Boost)  
  170  10:28  Templar Archives  
  170  10:34  Gateway  
  158  10:51  Protoss Ground Weapons Level 3  
  158  10:52  Protoss Ground Armor Level 3  
  158  10:53  Psionic Storm  
  158  10:54  Nexus  
  158  10:55  Pylon  
  158  10:56  Pylon  
  164  10:58  Pylon  
  164  10:59  Colossus (Chrono Boost)  
  164  11:08  Warp Prism (Chrono Boost)  
  166  11:17  High Templar x3  
  166  11:18  High Templar  
  174  11:38  Pylon  
  174  11:43  Pylon  
  162  11:56  Stalker x3  
  162  11:57  Pylon  
  141  12:03  Stalker x4  
  141  12:04  Stalker  
  123  12:15  Probe x3  
  126  12:16  Pylon  
  126  12:24  High Templar, Gateway  
  126  12:25  High Templar  
  126  12:26  Gateway  
  126  12:27  Zealot x2  
  126  12:28  Dark Templar x3  
  126  12:29  Gateway, Dark Templar  
  139  12:55  Dark Templar x2  
  141  13:01  Nexus  
  137  13:08  Stalker x3  
  137  13:09  Stalker x3  
  126  13:31  Stalker x5  
  126  13:32  Zealot x2, Stalker  
  118  13:37  Probe x2  
  118  13:52  Nexus  
  118  13:57  Pylon  
  118  13:58  Zealot  
  118  13:59  Zealot  
  122  14:17  Zealot  
  122  14:18  Zealot x2  
  122  14:22  Stalker  
  130  14:26  Shield Battery  
  130  14:29  Assimilator  
  130  14:31  Assimilator  
  130  14:33  Dark Templar x2  
  134  14:41  Zealot x2  
  134  14:42  Zealot  
  140  14:49  Stalker x2  
  144  15:03  Dark Templar x3  
  144  15:04  Dark Templar  
  148  15:13  High Templar  
  144  15:15  Probe x3  
  147  15:26  Probe  
  147  15:27  Probe x2  
  150  15:31  Probe  
  150  15:34  Assimilator  
  151  15:36  High Templar x2  
  151  15:37  Zealot x6  
  165  15:55  Zealot x2  
  165  15:56  Stalker  
  165  15:58  High Templar x2  
  169  16:07  Pylon x2  
  169  16:08  Shield Battery  
  169  16:09  Pylon  
  169  16:10  Shield Battery  
  169  16:12  Zealot  
  171  16:29  Stargate  
  171  16:31  Stalker x2  
  171  16:32  Stargate  
  140  16:49  Zealot x4  
  140  16:50  Zealot x5  
  107  16:58  Stalker x2  
Show
View Real Time Build Order
Export as new Build Order

TerranLord Terran - Winner!

Build Orders: MMM Bio 

Get SALT Encoding   

  12  0:02  SCV  
  13  0:14  SCV  
  13  0:17  Supply Depot  
  14  0:27  SCV  
  15  0:39  SCV  
  15  0:40  Barracks  
  16  0:44  Refinery  
  16  0:51  SCV  
  17  1:03  SCV  
  18  1:15  SCV  
  19  1:29  Orbital Command  
  19  1:30  Barracks Reactor  
  19  1:42  Command Center  
  19  1:52  Barracks  
  19  1:54  SCV  
  20  2:06  Supply Depot  
  20  2:09  SCV  
  20  2:10  Marine x2  
  23  2:27  SCV  
  23  2:28  Refinery, Marine x2  
  26  2:39  Barracks Tech Lab  
  26  2:43  Factory  
  26  2:45  SCV  
  26  2:49  Marine x2  
  29  2:54  Orbital Command  
  29  3:00  SCV  
  29  3:01  Marine  
  31  3:06  Stimpack  
  31  3:10  Marine x2  
  33  3:16  Supply Depot  
  33  3:18  SCV  
  34  3:22  SCV  
  35  3:33  Marine x2  
  37  3:34  Marine  
  37  3:36  Engineering Bay  
  37  3:38  SCV  
  39  3:43  SCV  
  39  3:45  Supply Depot  
  40  3:52  Starport  
  40  3:55  Factory Reactor  
  40  3:58  SCV  
  41  4:05  Missile Turret  
  41  4:07  Missile Turret  
  41  4:12  Bunker  
  41  4:15  SCV  
  42  4:18  SCV  
  42  4:21  Marine  
  42  4:23  Marine  
  45  4:28  Terran Infantry Weapons Level 1  
  45  4:35  Marine, Supply Depot  
  46  4:48  Medivac x2  
  46  4:50  Supply Depot  
  46  4:51  SCV x2  
  46  4:52  Factory Tech Lab  
  52  4:59  Supply Depot  
  52  5:00  Marine x2  
  52  5:01  Marine  
  52  5:06  SCV x2  
  57  5:10  Combat Shields  
  57  5:15  Supply Depot  
  57  5:17  Refinery  
  57  5:18  SCV x2  
  59  5:21  Siege Tank  
  59  5:25  Supply Depot  
  62  5:31  SCV  
  62  5:32  Marine x2  
  65  5:37  Marine  
  66  5:47  SCV x2  
  66  5:49  Command Center  
  68  5:54  Marine, Supply Depot  
  68  5:55  Marine  
  70  5:57  Siege Tank  
  70  5:59  SCV  
  70  6:02  SCV  
  75  6:11  Marine  
  75  6:12  Marine  
  75  6:15  Barracks  
  75  6:17  Barracks  
  71  6:32  Marine x3  
  63  6:33  Siege Tank  
  63  6:34  Medivac x2  
  63  6:35  SCV x2  
  63  6:39  Terran Infantry Armor Level 1, Refinery, Supply Depot  
  71  6:49  SCV  
  71  6:50  SCV  
  73  6:54  Engineering Bay, Marine x2  
  73  6:55  Armory  
  73  7:00  Orbital Command  
  75  7:03  Barracks Tech Lab  
  75  7:05  Barracks Reactor  
  75  7:10  Marine  
  75  7:12  Marine x2  
  75  7:13  Siege Tank  
  75  7:14  Supply Depot  
  81  7:24  Marine  
  81  7:28  Marine  
  81  7:29  Medivac  
  85  7:30  SCV  
  85  7:35  Marine  
  85  7:36  Marine  
  88  7:37  Orbital Command  
  88  7:42  Marauder  
  88  7:43  Barracks  
  90  7:46  Barracks, Supply Depot  
  90  7:48  Marine x2  
  90  7:50  Marine  
  93  7:53  Terran Infantry Weapons Level 2  
  93  7:54  Terran Vehicle Weapons Level 1  
  93  7:56  Marine  
  94  8:00  Missile Turret  
  94  8:01  Marine  
  94  8:04  SCV x2  
  97  8:06  SCV  
  97  8:11  Marine, Missile Turret  
  97  8:12  Marauder  
  101  8:15  Marine  
  101  8:17  Siege Tank  
  105  8:20  SCV, Supply Depot  
  105  8:21  SCV  
  105  8:27  Marauder, Marine  
  107  8:28  SCV  
  107  8:33  SCV  
  112  8:36  Barracks Reactor  
  112  8:37  Barracks Tech Lab  
  112  8:38  Barracks  
  112  8:39  Marine  
  112  8:40  Marauder, SCV  
  116  8:42  SCV  
  116  8:43  Marine  
  116  8:45  Terran Infantry Armor Level 2  
  118  8:49  Supply Depot  
  117  8:58  Marauder, Marine x2  
  117  8:59  Marauder, Siege Tank  
  125  9:11  Marine x2  
  125  9:12  Marauder, SCV x2  
  125  9:15  Marine x2  
  125  9:16  Marine x2  
  135  9:17  Starport  
  135  9:19  Refinery  
  135  9:20  Marauder x2  
  135  9:21  Supply Depot  
  139  9:26  Liberator  
  139  9:27  Liberator  
  139  9:29  Marine x2  
  141  9:33  SCV x2  
  141  9:35  Barracks Tech Lab  
  141  9:36  Marauder, Marine x2  
  141  9:37  Supply Depot  
  147  9:40  Supply Depot  
  147  9:41  Marauder  
  155  9:46  SCV, Supply Depot  
  155  9:47  SCV  
  157  9:57  Refinery, Terran Vehicle Weapons Level 2  
  157  10:04  Marine  
  157  10:05  Marauder  
  157  10:06  Starport Reactor  
  160  10:12  Supply Depot  
  159  10:14  Supply Depot  
  159  10:19  Terran Infantry Weapons Level 3  
  159  10:21  Marauder, Marine  
  162  10:25  Marine  
  162  10:28  Command Center  
  162  10:30  Liberator x2  
  162  10:41  Marauder, Marine  
  164  10:43  Supply Depot  
  164  10:44  Supply Depot  
  164  10:45  Marine  
  164  10:46  Marauder x2, Marine  
  176  10:51  Cyclone  
  179  11:23  Marine x3  
  179  11:24  Marauder x3  
  188  11:26  Terran Infantry Armor Level 3  
  188  11:35  Marauder, Marine  
  191  11:42  Marine x2  
  191  11:45  Marauder  
  187  11:57  Marauder, Marine x3  
  187  11:58  Marauder x2  
  189  12:08  Marine  
  189  12:09  Marauder, Marine x2  
  189  12:15  Marine x2  
  191  12:19  Marauder x3  
  197  12:25  Marine  
  198  12:30  Marauder  
  200  12:50  Terran Ship Weapons Level 1  
  200  12:59  Barracks  
  200  13:00  Barracks  
  200  13:01  Barracks  
  200  13:04  Barracks  
  192  13:07  Barracks  
  192  13:09  Marine  
  192  13:10  Marauder x2, Marine  
  192  13:18  Planetary Fortress, Missile Turret  
  177  13:33  Marine x3  
  177  13:34  Marauder x4, Marine  
  145  13:40  Marine x2  
  145  13:41  Medivac x2  
  135  13:51  Barracks Tech Lab, Marine x3  
  135  13:52  Barracks Reactor  
  135  13:55  Marauder x2  
  143  13:56  Marauder x2  
  143  14:00  Command Center  
  143  14:02  Marine x2  
  147  14:09  Marine x2  
  151  14:10  Marauder  
  151  14:11  Barracks Tech Lab, Barracks Reactor  
  151  14:12  Barracks Tech Lab  
  151  14:16  Fusion Core, Medivac x3  
  151  14:17  Marauder x4  
  163  14:23  Marine x2  
  167  14:24  Siege Tank  
  172  14:31  Marauder  
  172  14:32  Missile Turret  
  172  14:34  Marine x3  
  172  14:35  Marauder, Missile Turret  
  177  14:43  Marine  
  177  14:44  Marauder  
  177  15:13  Marine, Starport  
  179  15:14  Marauder  
  179  15:23  Marauder x2, Marine x2  
  179  15:24  Missile Turret  
  185  15:33  Marine x3  
  185  15:34  Marauder  
  190  15:35  Missile Turret  
  188  15:54  Marine x2  
  188  15:55  Marauder x2  
  188  15:56  Marauder, Marine  
  195  16:03  Marine x2  
  195  16:04  Marauder, Starport Tech Lab  
  199  16:08  Command Center  
Tags
 
Add a new tag
Caveats
  • Supply blocks, unpowered buildings, or Contaminate may cause inaccurate times.
  • Supply counts are checked every 10 seconds.